 Dungeon Crawl Stone Soup version 0.30-b1-2-g02819fbbbe (webtiles) character file.

Game seed: 6099607439283535935

11453 raph the Summoner (level 11, -4/64 HPs)
             Began as a Tengu Summoner on Oct 31, 2023.
             Was an Initiate of Gozag.
             Shot with an arrow by a centaur warrior (21 damage)
             ... on level 9 of the Dungeon.
             The game lasted 00:29:01 (11607 turns).

raph the Summoner (Tengu Summoner)                 Turns: 11607, Time: 00:29:01

Health: -4/64      AC:  8    Str:  8    XL:     11   Next: 78%
Magic:  19/22      EV: 18    Int: 20    God:    Gozag
Gold:   822        SH:  0    Dex: 15    Spells: 4/23 levels left

rFire   + + .        a - +27 heavy crossbow "Sniper" {heavy, Acc+∞ SInv}
rCold   . . .        (shield currently unavailable)
rNeg    . . .        z - +1 robe "Feocoun" {rF+}
rPois   .            E - +2 hat
rElec   .            C - +1 cloak
rCorr   .            i - +0 pair of gloves
SInv    +            (boots unavailable)
Will    .....        (no amulet)
Stlth   +++          s - ring of protection from fire
HPRegen 0.30/turn    J - ring of wizardry
MPRegen 0.18/turn

%: wizardry (x1)
@: gold aura, flying quickly and evasively, quick
A: beak, talons 3, nimble flight
a: Renounce Religion, Potion Petition, Call Merchant, Bribe Branch


You were on level 9 of the Dungeon.
You worshipped Gozag.
Gozag was pleased with you.
You visited 2 branches of the dungeon, and saw 10 of its levels.

You collected 1442 gold pieces.
You spent 444 gold pieces at shops.
You paid 176 gold pieces to Gozag.

Inventory:

Hand Weapons
 a - the +27 heavy crossbow "Sniper" (weapon) {heavy, Acc+∞ SInv}
   (You acquired it on level 5 of the Dungeon)

   Acc+∞: It never misses its target.
   SInv:      It lets you see invisible.
 b - the +0 quarterstaff of Axkadghodytz {flame, rC++ Str+5 Dex-3}
   (You found it on level 2 of the Dungeon)

   Str:       It affects your strength (+5).
   Dex:       It affects your dexterity (-3).
   rC:        It greatly protects you from cold.
 B - a +2 quarterstaff of chaos
Missiles
 u - 6 atropa-tipped darts
 K - 2 throwing nets
 L - 2 curare-tipped darts
 M - 15 poisoned darts
Armour
 e - a +0 robe
 i - a +0 pair of gloves (worn)
 y - a +3 leather armour
 z - the +1 robe "Feocoun" (worn) {rF+}
   (You found it on level 4 of the Dungeon)

   rF:        It protects you from fire.
 C - a +1 cloak (worn)
 E - a +2 hat (worn)
Jewellery
 s - a ring of protection from fire (left hand)
 J - a ring of wizardry (right hand)
Wands
 F - a wand of digging (3)
 I - a wand of mindburst (18)
Scrolls
 l - 5 scrolls of teleportation
 m - 3 scrolls of fog
 r - 2 scrolls of blinking
 w - 2 scrolls of poison
 x - a scroll of magic mapping
 H - 3 scrolls of fear
 P - a scroll of identify
Potions
 c - 2 potions of haste
 d - 4 potions of curing
 f - 3 potions of flight
 g - 10 potions of heal wounds
 h - 3 potions of cancellation
 j - 2 potions of lignification
 k - 3 potions of berserk rage
 n - 2 potions of might {unknown}
 o - 2 potions of attraction
 p - a potion of resistance {unknown}
 q - 2 potions of magic
 t - a potion of degeneration {unknown}
 v - 2 potions of invisibility
 A - 4 potions of brilliance
 D - a potion of experience {unknown}
 G - 2 potions of mutation
Miscellaneous
 N - a tin of tremorstones (2/2)
 O - a phial of floods


   Skills:
 + Level 5.9 Fighting
 + Level 5.3 Ranged Weapons
 + Level 7.1 Dodging
 + Level 7.0 Stealth
 + Level 6.8 Spellcasting
 + Level 3.8 Hexes
 * Level 12.5 Summonings
 + Level 6.8 Air Magic


You had 4 spell levels left.
You knew the following spells:

 Your Spells              Type           Power      Damage    Failure   Level
a - Summon Small Mammal   Summ           100%       N/A       1%          1
b - Call Imp              Summ           100%       N/A       1%          2
c - Call Canine Familiar  Summ           54%        N/A       1%          3
d - Summon Guardian Gole  Hex/Summ       39%        N/A       1%          3
e - Summon Lightning Spi  Summ/Air       45%        N/A       1%          4
f - Ensorcelled Hibernat  Hex/Ice        28%        N/A       2%          2
g - Animate Armour        Summ/Erth      62%        N/A       3%          4

Your spell library contained the following spells:

 Spells                   Type           Power      Damage    Failure   Level
 Blink                    Tloc           12%        N/A       6%          2
 Spider Form              Tmut/Pois      6%         N/A       12%         3
 Stone Arrow              Conj/Erth      12%        3d7       12%         3
 Anguish                  Hex/Necr       7%         N/A       17%         4
 Manifold Assault         Tloc           6%         N/A       34%         4
 Blade Hands              Tmut           3%         N/A       69%         5
 Iron Shot                Conj/Erth      3%         9d2       99%         6
 Storm Form               Tmut/Air       10%        N/A       100%        7
 Lehudib's Crystal Spear  Conj/Erth      3%         10d2      100%        8


Dungeon Overview and Level Annotations

Branches:
Dungeon (9/15)             Temple (1/1) D:7
   Lair: D:8-11         Orc: D:9-12

Altars:
Ashenzari
Cheibriados
Dithmenos
Elyvilon
Fedhas
Gozag
Hepliaklqana
Kikubaaqudgha
Makhleb
Okawaru
Qazlal
Ru
Sif Muna
Trog
Uskayaw
Vehumet
Yredelemnul
Zin
The Shining One

Shops:
D:2 *?[:   D:5 =   D:7 ?   D:8 !


Innate Abilities, Weirdness & Mutations

You have a beak for a mouth.
You have claws for feet.
Your magical nature lets you fly swiftly and evasively.


Message History

The centaur kicks your guardian golem but does no damage.
The komodo dragon bites you!
Your guardian golem is engulfed in blazing flames.
Your guardian golem disappears in a puff of smoke!
Your guardian golem explodes!
The fiery explosion engulfs the komodo dragon!!
The komodo dragon dies!
The fiery explosion engulfs your warg!!
The fiery explosion engulfs the centaur!!
The centaur dies!
Your warg is engulfed in blazing flames. x2
Your Stealth skill increases to level 7!
You start resting.
An orc warrior comes into view. It is wielding a +0 flail.
Fire: a) +27 heavy crossbow "Sniper" {heavy, Acc+∞ SInv}
Press: ? - help, Q - select action, (/) - cycle Shift-Dir - straight line, f - orc warrior
Aim: an orc warrior, wielding a +0 flail and wearing a +0 plate armour (100% to hit)
You shoot a bolt. The bolt hits the orc warrior!!!
You kill the orc warrior!
You start resting.
A centaur warrior comes into view. It is wielding a +0 long sword.
Fire: a) +27 heavy crossbow "Sniper" {heavy, Acc+∞ SInv}
Press: ? - help, Q - select action, (/) - cycle Shift-Dir - straight line, f - centaur warrior
Aim: a centaur warrior, wielding a +0 long sword (not watching you, 100% to hit)
You shoot a bolt. The bolt hits the centaur warrior!!
The centaur warrior is moderately wounded.
The centaur warrior unwields a +0 long sword.
The centaur warrior wields a +0 shortbow.
The centaur warrior shoots an arrow.
The arrow hits you!!
The centaur warrior shoots an arrow.
The arrow misses you.
The centaur warrior shoots an arrow.
The arrow completely misses you.
The centaur warrior shoots an arrow.
The arrow hits you!
The centaur warrior shoots an arrow.
The arrow hits you!
* * * LOW HITPOINT WARNING * * *
A bolt of electricity appears from out of your range of vision.
As you read the scroll of fog, it crumbles to dust.
The scroll dissolves into smoke.
The centaur warrior shoots an arrow.
The arrow hits you!!
You die...
Your body crumbles into a pile of gold.

###'###
#..#..$#... #
.# #....≈....#.
#+###'#.#
..#..c#.....
........#
.....?.≈.≈.
###.#####.#
#.≈.≈......
..........#
.....#...#
####.######
#.#.$..≈..
#.###
#§§§$#...#
#...##
##@§§.....
###..##
#§§§$#....
##..#
##.###.....
##h# #..# ....
#.#####.## ...
#.......# .#
######.#.......
# #..##.....#
#.## ##..##


You could see a centaur warrior.

Vanquished Creatures
  A boulder beetle (D:9)
  A two-headed ogre (D:9)
  A skeletal warrior (D:9)
  Pikel (D:4)
  An ugly thing (D:7)
  Joseph (D:7)
  An efreet (D:9)
  2 hornets (D:9)
  Grinder (D:4)
  A vampire (D:9)
  5 yaks
  A vampire mosquito (D:9)
  An acid dragon (D:8)
  2 water moccasins
  3 orc warriors
  An ice beast (D:6)
  A sky beast (D:7)
  7 centaurs
  2 kobold brigands
  A gnoll sergeant (D:6)
  5 wights
  2 killer bees (D:9)
  2 hounds (D:5)
  4 orc priests
  A sleepcap (D:4)
  2 iguanas
  6 orc wizards
  3 adders
  10 gnolls
  A white imp (D:6)
  2 worms
  4 dart slugs
  16 orcs
  2 bats
  An endoplasm (D:2)
  3 giant cockroaches
  5 goblins
  7 hobgoblins
  3 jackals (D:5)
  7 ball pythons
  2 frilled lizards
  10 kobolds
  7 rats
140 creatures vanquished.

Vanquished Creatures (collateral kills)
  A two-headed ogre (D:8)
  A wizard (D:9)
  A troll (D:9)
  A yak (D:9)
  2 wyverns
  A basilisk (D:9)
  An orc warrior (D:8)
  3 ice beasts
  A phantom (D:5)
  2 kobold brigands (D:9)
  2 bullfrogs
  5 wights
  3 killer bees (D:9)
  2 howler monkeys (D:9)
  Crazy Yiuf (D:4)
  A hound (D:4)
  A gnoll bouda (D:6)
  An orc priest (D:8)
  2 iguanas
  A sleepcap (D:6)
  5 orc wizards
  3 gnolls (D:6)
  2 adders
  A white imp (D:4)
  An ufetubus (D:6)
  A worm (D:4)
  A dart slug (D:2)
  18 orcs
  An endoplasm (D:2)
  2 giant cockroaches
  5 goblins
  2 hobgoblins
  20 kobolds
  3 quokkas
  A ball python (D:3)
  2 bats
  3 frilled lizards
  A rat (D:3)
105 creatures vanquished.

Vanquished Creatures (others)
  A komodo dragon (D:9)
  A hornet (D:9)
  A yak (D:7)
  An ogre (D:4)
  A centaur (D:9)
  80 plants
85 creatures vanquished.

Grand Total: 330 creatures vanquished

Notes
Turn   | Place    | Note
-------+----------+-------------------------------------------
     0 | D:1      | raph the Tengu Summoner began the quest for the Orb.
     0 | D:1      | Reached XP level 1. HP: 10/10 MP: 4/4
    43 | D:1      | Reached skill level 5 in Summonings
   232 | D:1      | Reached XP level 2. HP: 15/15 MP: 4/6
   287 | D:1      | Learned a level 2 spell: Call Imp
   978 | D:1      | Reached XP level 3. HP: 16/19 MP: 3/7
   982 | D:1      | Learned a level 3 spell: Call Canine Familiar
  1091 | D:1      | Found a faded altar of an unknown god.
  1210 | D:1      | Reached skill level 6 in Summonings
  1508 | D:2      | Identified the +0 quarterstaff of Axkadghodytz {flame, rC++
                  | Str+5 Dex-3}
  1836 | D:2      | Found Dabuexti's Antique Armour Emporium.
  1849 | D:2      | Found Negappuf's Magic Scroll Emporium.
  1862 | D:2      | Bought a scroll of identify for 22 gold pieces
  1862 | D:2      | Bought a scroll of identify for 22 gold pieces
  1978 | D:2      | Reached XP level 4. HP: 24/24 MP: 5/8
  2033 | D:2      | Found Zeut's Book Shop.
  2133 | D:2      | Found Nifroq Bakh's Assorted Antiques.
  2141 | D:2      | Bought a scroll labelled CUIMUT NEOL for 22 gold pieces
  2141 | D:2      | Bought a scroll labelled RAKIOL YQAETS for 22 gold pieces
  2194 | D:2      | You fall into a shaft and drop 2 floors!
  2988 | D:2      | Bought a scroll of blinking for 82 gold pieces
  3523 | D:3      | Reached skill level 7 in Summonings
  4247 | D:4      | Gained mutation: Your magical nature lets you fly swiftly
                  | and evasively. [Tengu growth]
  4247 | D:4      | Reached XP level 5. HP: 28/28 MP: 4/9
  4421 | D:4      | Identified the +1 robe "Feocoun" {rF+}
  4452 | D:4      | Noticed a centaur
  4460 | D:4      | Killed a centaur
  4461 | D:4      | Reached XP level 6. HP: 30/32 MP: 4/12
  4639 | D:4      | Noticed Pikel
  4864 | D:4      | Reached skill level 8 in Summonings
  4928 | D:4      | Noticed Grinder
  4930 | D:4      | Paralysed by Grinder for 4 turns
  4942 | D:4      | Paralysed by Grinder for 2 turns
  4954 | D:4      | Killed Grinder
  4955 | D:4      | Reached skill level 1 in Fighting
  4955 | D:4      | Reached XP level 7. HP: 30/38 MP: 4/14
  5193 | D:4      | Found a runed translucent door.
  5194 | D:4      | Noticed Crazy Yiuf
  5218 | D:4      | Killed Crazy Yiuf
  5336 | D:4      | Killed Pikel
  5337 | D:4      | Reached XP level 8. HP: 12/45 MP: 7/15
  5589 | D:4      | Learned a level 3 spell: Summon Guardian Golem
  5594 | D:4      | Learned a level 4 spell: Summon Lightning Spire
  5917 | D:5      | Entered Level 5 of the Dungeon
  5917 | D:5      | Found Fidwiabb's Jewellery Boutique.
  5958 | D:5      | Reached skill level 9 in Summonings
  5958 | D:5      | Reached skill level 1 in Air Magic
  6105 | D:5      | Found a glowing golden altar of the Shining One.
  6357 | D:5      | Identified a scroll of acquirement
  6357 | D:5      | Acquired the +27 heavy crossbow "Sniper" {heavy, Acc+∞
                  | SInv}
  6357 | D:5      | Found the +27 heavy crossbow "Sniper" {heavy, Acc+∞ SInv}
  6881 | D:5      | Reached skill level 1 in Hexes
  6990 | D:2      | Bought a scroll of enchant armour for 82 gold pieces
  7185 | D:6      | Reached skill level 5 in Spellcasting
  7243 | D:6      | Reached XP level 9. HP: 51/51 MP: 17/17
  7249 | D:6      | Reached skill level 1 in Ranged Weapons
  7296 | D:6      | Found a bloodstained altar of Trog.
  7581 | D:6      | Learned a level 2 spell: Ensorcelled Hibernation
  7664 | D:6      | Reached skill level 10 in Summonings
  8016 | D:7      | Reached skill level 5 in Dodging
  8071 | D:7      | Found a staircase to the Ecumenical Temple.
  8080 | Temple   | Entered the Ecumenical Temple
  8290 | Temple   | Became a worshipper of Gozag Ym Sagoz the Greedy
  8341 | D:7      | Reached skill level 5 in Stealth
  8740 | D:7      | Noticed Joseph
  8745 | D:7      | Killed Joseph
  8746 | D:7      | Reached XP level 10. HP: 47/57 MP: 14/19
  8857 | D:7      | Noticed a brown ugly thing
  8871 | D:7      | Killed a brown ugly thing
  9150 | D:7      | Found Raitueck's Magic Scroll Shop.
  9153 | D:7      | Bought a scroll of identify for 24 gold pieces
  9153 | D:7      | Bought a scroll of identify for 24 gold pieces
  9153 | D:7      | Bought a scroll of identify for 24 gold pieces
  9153 | D:7      | Bought a scroll of fear for 48 gold pieces
  9153 | D:7      | Bought a scroll of teleportation for 36 gold pieces
  9153 | D:7      | Bought a scroll of teleportation for 36 gold pieces
  9300 | D:8      | Reached skill level 11 in Summonings
  9426 | D:8      | Found Weppel's Distillery.
  9484 | D:8      | Found a glowing silver altar of Zin.
  9504 | D:8      | Noticed a two-headed ogre
  9508 | D:8      | Killed a two-headed ogre
  9509 | D:8      | Reached skill level 5 in Air Magic
  9601 | D:8      | Learned a level 4 spell: Animate Armour
  9606 | D:8      | Found a shimmering blue altar of Sif Muna.
  9752 | D:8      | Reached skill level 5 in Fighting
 10119 | D:8      | Identified the +2 demon whip of Sum Cueck {freeze, Drain
                  | rC++ Will+ SInv}
 10763 | D:9      | Noticed a two-headed ogre
 10771 | D:9      | Killed a two-headed ogre
 10772 | D:9      | Reached XP level 11. HP: 54/64 MP: 10/21
 10916 | D:9      | Noticed a skeletal warrior
 10921 | D:9      | Killed a skeletal warrior
 10981 | D:9      | Noticed a wizard
 10994 | D:9      | Killed a wizard
 10995 | D:9      | Reached skill level 12 in Summonings
 11304 | D:9      | Reached skill level 5 in Ranged Weapons
 11317 | D:9      | Noticed a boulder beetle
 11329 | D:9      | Killed a boulder beetle
 11604 | D:9      | Noticed a centaur warrior
 11607 | D:9      | Shot with an arrow by a centaur warrior

Illustrated notes

Levels and vault maps discovered:
D:1:      tarquinn_simple_flora_water_d, layout_loops_corners,
          chequers_ecumenical_altar_lobes
D:2:      layout_basic, serial_shops, nicolae_shop_peninsula, shop, shop, shop,
          st_stairs_7
D:3:      layout_basic
D:4:      layout_basic, serial_glass, glass_columns_b, glass_columns_a,
          uniq_crazy_yiuf_cottage, uniq_pikel, uniq_grinder
D:5:      layout_rooms, general_overflow_altar, serial_shops, shop
D:6:      layout_rooms, lemuel_crystal_altar, serial_bayou_crossing
D:7:      minmay_spotlight, layout_gridville, temple_statues, serial_shops,
          nicolae_shop_real_fake_doors, uniq_joseph
D:8:      kennysheep_kobold_camp, layout_loops_ring,
          mainiacjoe_overflow_catwalk, zin_treasury, serial_shops, shop_statue
D:9:      minmay_the_grid_3x2 [minmay_the_grid_minigrid_small,
          minmay_the_grid_broken_lines, minmay_the_grid_garden,
          minmay_the_grid_doors, minmay_the_grid_embedded,
          minmay_the_grid_prize_inner_circle], layout_cave_pods,
          nemelex_diamond_rough_becter, david_lair_shrubbed,
          gammafunk_ghost_nasty_kobolds, nicolae_kite_square_tiling_tiny,
          kennysheep_generic_room_7
Temple:   regret_index_temple_generic_petals

Skill      XL: |  1  2  3  4  5  6  7  8  9 10 11 |
---------------+----------------------------------+-----
Summonings     | 5 6 7 8 9 10 11 12 | 12.5
Spellcasting   | 3 4 5 6 |  6.8
Fighting       | 1 2 3 4 5 |  5.9
Dodging        | 3 4 5 6 7 |  7.1
Stealth        | 3 4 5 6 7 |  7.0
Air Magic      | 2 4 5 6 |  6.8
Hexes          | 1 2 3 |  3.8
Ranged Weapons | 2 4 5 |  5.3

Action                     |  1- 3 |  4- 6 |  7- 9 | 10-12 || total
---------------------------+-------+-------+-------+-------++-------
  Melee: Unarmed           |    11 |       |       |       ||    11
         Kick              |    15 |    10 |     3 |       ||    28
         Dagger            |    27 |       |       |       ||    27
         Peck              |     2 |     5 |     2 |       ||     9
         Quarterstaff      |    18 |    68 |    27 |     5 ||   118
   Fire: Heavy crossbow    |       |       |    51 |    80 ||   131
  Throw: Dart              |       |     1 |     3 |       ||     4
   Cast: Summon Small Mamm |    19 |    14 |    15 |     1 ||    49
         Call Imp          |    10 |    16 |    12 |    15 ||    53
         Call Canine Famil |     3 |    17 |    15 |    14 ||    49
         Summon Guardian G |       |       |     6 |     9 ||    15
         Summon Lightning  |       |       |     1 |     7 ||     8
         Animate Armour    |       |       |       |     6 ||     6
    Use: Scroll            |     8 |     2 |     9 |     4 ||    23
         Potion            |       |       |     1 |     1 ||     2
   Stab: Sleeping          |     6 |     2 |       |       ||     8
 Armour: Robe              |     9 |    21 |     9 |     8 ||    47
  Dodge: Dodged            |    49 |    55 |    57 |    50 ||   211
